 Dungeon Sprint DCSS version 0.30-a0-223-gcb0039aa0c (webtiles) character file.

Game seed: 10254876076417379958

317404 mhtbhm the Conqueror (level 19, -8/221 HPs)
             Began as an Armataur Berserker on Oct 9, 2022.
             Was the Champion of Trog.
             Mangled by a vampire knight
             ... wielding a +0 great sword
              (10 damage)
             ... in the Dungeon (Sprint IX: "|||||||||||||||||||||||||||||").
             The game lasted 00:17:53 (9875 turns).

mhtbhm the Conqueror (Armataur Berserker)           Turns: 9875, Time: 00:17:54

Health: -8/221     AC: 28    Str: 42    XL:     19   Next: 17%
Magic:  19/19      EV: 14    Int:  7    God:    Trog [******]
Gold:   170        SH:  0    Dex:  6    Spells: 18/18 levels left

rFire   + + .      SeeInvis .    I - +9 sacred scourge (holy)
rCold   x . .      Faith    +    (no shield)
rNeg    . . .      Spirit   .    b - +4 fire dragon scales {Xtahua}
rPois   +          Reflect  .    j - +0 hat "Qeluep" {*Corrode rPois Str+7}
rElec   .          Harm     .    F - +2 cloak
rCorr   .          Roll     +    u - +1 pair of gloves
Will    +....      NoTele   +    (no barding)
Stlth   +++++++...               y - amulet of faith
HPRegen 0.56/turn                k - +4 ring of slaying
MPRegen 0.16/turn                D - +6 ring of strength

@: slowed, very slow
A: large, rugged brown scales 3, deformed body, armoured tail, roll, long
tongue, awkward tongue, horns 1, clumsy 2, dopey 1
}: 5/17 runes: decaying, serpentine, barnacled, silver, gossamer
a: Renounce Religion, Berserk, Trog's Hand, Brothers in Arms


You were in the Dungeon.
You worshipped Trog.
Trog was exalted by your worship.
You visited 1 branch You collected 1983 gold pieces.
You spent 1813 gold pieces at shops.

Inventory:

Hand Weapons
 a - the +11 great mace of Trog's Vengeance {flame, *Rage rElec rF+ rC+}
   (Trog gifted it to you in the Dungeon)

   It burns those it strikes, dealing additional fire damage.
   rF:        It protects you from fire.
   rC:        It protects you from cold.
   rElec:     It insulates you from electricity.
   *Rage:     It berserks you when you make melee attacks (+20% chance).
 C - a +2 dire flail of holy wrath
 I - a +9 sacred scourge of holy wrath (weapon)
 W - the +7 great mace "Undeadhunter" {disrupt, rN+}
   (Trog gifted it to you in the Dungeon)

   It inflicts significantly more damage against the undead.
   rN:        It protects you from negative energy.
Missiles
 m - 4 curare-tipped darts (quivered)
 v - 9 javelins
 H - 4 silver javelins
Armour
 b - +4 fire dragon scales (worn) {Xtahua}
 j - the +0 hat "Qeluep" (worn) {*Corrode rPois Str+7}
   (You found it in the Dungeon)

   Str:       It affects your strength (+7).
   rPois:     It protects you from poison.
   *Corrode:  It may corrode you when you take damage.
 u - a +1 pair of gloves (worn)
 B - a +2 kite shield of reflection
 F - a +2 cloak (worn)
 S - a +3 tower shield of protection
Jewellery
 k - a +4 ring of slaying (left hand)
 l - a +2 ring of protection
 p - a ring of protection from fire
 x - a ring of see invisible
 y - an amulet of faith (around neck)
 D - a +6 ring of strength (right hand)
 E - an amulet of regeneration
 J - a +6 ring of intelligence
 L - the ring "Lirghuda" {*Slow rElec rN+ Str+5 Int+2}
   (You found it in the Dungeon)

   [ring of positive energy]

   Str:       It affects your strength (+5).
   Int:       It affects your intelligence (+2).
   rElec:     It insulates you from electricity.
   rN:        It protects you from negative energy.
   *Slow:     It may slow you when you take damage.
 N - the amulet of Xewe {RegenMP Rampage Fragile Regen+}
   (You found it in the Dungeon)

   [amulet of magic regeneration]

   It increases your rate of magic regeneration.
   Regen:     It increases your rate of health regeneration.
   Fragile:   It will be destroyed if unequipped.
   Rampage:   It bestows one free step when moving towards enemies.
 O - the ring "Readeh" {rElec rPois rCorr}
   (You found it in the Dungeon)

   [ring of poison resistance]

   rElec:     It insulates you from electricity.
   rPois:     It protects you from poison.
   rCorr:     It protects you from acid and corrosion.
 P - the amulet "Puwooshro" {RegenMP +Inv rF+ Dex+2}
   (You found it in the Dungeon)

   [amulet of magic regeneration]

   It increases your rate of magic regeneration.
   Dex:       It affects your dexterity (+2).
   rF:        It protects you from fire.
   +Inv:      It lets you turn invisible.
 Q - the ring "Ypsab" {Drain rF+ rN+ Will+ Int+3}
   (You found it in the Dungeon)

   [ring of intelligence]

   Int:       It affects your intelligence (+3).
   rF:        It protects you from fire.
   rN:        It protects you from negative energy.
   Drain:     It drains your maximum health when unequipped.
   Will:      It increases your willpower.
 R - the amulet of Arrival {Spirit Rampage rC- Dex+4}
   (You found it in the Dungeon)

   [amulet of guardian spirit]

   It causes incoming damage to be divided between your reserves of health and
   magic.
   Dex:       It affects your dexterity (+4).
   rC:        It makes you vulnerable to cold.
   Rampage:   It bestows one free step when moving towards enemies.
Wands
 i - a wand of roots (6)
Scrolls
 h - 8 scrolls of blinking
 q - 6 scrolls of enchant armour
 r - 4 scrolls of enchant weapon
 s - 3 scrolls of fog
 T - a scroll of fear
Potions
 c - 15 potions of curing
 d - a potion of invisibility
 e - 10 potions of heal wounds
 f - 12 potions of magic
 g - 8 potions of berserk rage
 n - 3 potions of mutation
 o - a potion of resistance
 t - 2 potions of might
 w - a potion of ambrosia
 z - 2 potions of attraction
 K - a potion of flight
 M - a potion of cancellation {unknown}
 U - 5 potions of haste
 V - a potion of lignification {unknown}


   Skills:
 O Level 27 Fighting
 O Level 27 Maces & Flails
 O Level 27 Armour
 O Level 27 Dodging
 O Level 27 Stealth
 O Level 27 Shields
 + Level 5.2 Unarmed Combat
 + Level 16.2 Evocations


You had 18 spell levels left.
You didn't know any spells.
Your spell library was empty.

Dungeon Overview and Level Annotations

Branches:
Dungeon (1/1)

Altars:
Cheibriados
Dithmenos
Elyvilon
Fedhas
Gozag
Hepliaklqana
Kikubaaqudgha
Makhleb
Nemelex Xobeh
Okawaru
Qazlal
Ru
Sif Muna
Trog
Uskayaw
Vehumet
Wu Jian
Xom
Yredelemnul
Zin
The Shining One
Jiyva
Lugonu

Shops:
D :*=:


Innate Abilities, Weirdness & Mutations

You are completely covered in rugged brown scales. (AC +3, +7% HP)
Armour fits poorly on your strangely shaped body.
You have a long armoured tail.
You roll when moving toward enemies. (Rampage)
Your long tongue fully drains potion bottles. (2x potion effects)
Your tongue gives you trouble enunciating. (1.5x scroll delay)
You have a pair of small horns on your head.
You are very clumsy. (Dex -4)
You are dopey. (Int -2)


Message History

Something unexpectedly blocked you, preventing you from rolling!
You barely miss something.
The vampire knight hits you with a +0 battleaxe!!
The vampire knight bites you but does no damage.
A vampire knight comes into view. It is wielding a +0 glaive.
Something draws life force from you!!
Unknown command.
Something unexpectedly blocked you, preventing you from rolling!
You barely miss something.
The vampire knight shouts!
You headbutt something.
Your tail-slap misses something.
The vampire knight hits you with a +0 battleaxe!
* * * LOW HITPOINT WARNING * * *
The vampire knight bites you!
* * * LOW HITPOINT WARNING * * *
The vampire knight draws strength from your injuries!
The vampire knight gestures wildly while chanting.
The vampire knight flickers and vanishes!
Something hits you!!
* * * LOW HITPOINT WARNING * * *
Something bites you but does no damage.
You whack the vampire knight!
The vampire knight convulses!
Your headbutt misses the vampire knight.
The vampire knight is moderately damaged.
The vampire knight barely misses you.
The vampire knight bites you but does no damage.
Something hits you but does no damage. Something bites you but does no damage.
Unknown command.
You devastate the vampire knight!!!
You destroy the vampire knight!
Trog accepts your kill.
Trog appreciates your killing of a magic user.
The vampire knight mumbles some strange words.
The vampire knight flickers and vanishes!
Something hits you!!
* * * LOW HITPOINT WARNING * * *
Something bites you but does no damage.
Your Evocations skill increases to level 16!
Something hits you!
You die...

▓▓▓▓▓▓▓▓▓▓▓▓▓
.{.V§{{@)...▓
♣♣♣♣♣♣▓▓▓▓▓▓▓▓▓▓▓▓▓▓.▓
.....................▓
▓▓▓▓▓▓▓▓▓▓▓▓▓▓▓▓▓▓▓▓▓▓
'.......)).'.........▓
▓▓▓▓▓▓▓▓▓▓▓▓▓▓▓▓▓▓▓▓.▓
.....................▓
▓▓▓▓▓▓▓▓▓▓▓▓▓▓▓▓▓▓▓▓▓▓
)).)†[.)..([.)÷).))..▓


You could see a vampire knight.

Vanquished Creatures
  4 orbs of fire (D)
  5 ancient liches (D)
  Mennas (D)
  Mara (D)
  Sojobo (D)
  Boris (D)
  Frederick (D)
  Xtahua (D)
  7 golden dragons (D)
  Jory (D)
  2 electric golems (D)
  3 tentacled monstrosities (D)
  2 liches (D)
  29 Orb Guardians (D)
  3 quicksilver dragons (D)
  3 tengu reavers (D)
  6 shadow dragons (D)
  8 storm dragons (D)
  Donald (D)
  Ilsuiw (D)
  5 nagarajas (D)
  2 draconian knights (D)
  4 emperor scorpions (D)
  Aizul (D)
  4 vault wardens (D)
  A draconian scorcher (D)
  Louise (D)
  2 frost giants (D)
  5 ghost moths (D)
  3 draconian shifters (D)
  2 draconian annihilators (D)
  A spriggan defender (D)
  7 stone giants (D)
  4 ironbound preservers (D)
  6 very ugly things (D)
  A green draconian (D)
  6 vampire knights (D)
  An eleionoma (D)
  6 black draconians (D)
  3 white draconians (D)
  A red draconian (D)
  A bunyip (D)
  5 purple draconians (D)
  A dire elephant (D)
  A deep elf death mage (D)
  3 yellow draconians (D)
  4 fire dragons (D)
  5 merfolk impalers (D)
  2 entropy weavers (D)
  4 ettins (D)
  4 merfolk javelineers (D)
  2 yaktaur captains (D)
  A great orb of eyes (D)
  26 vault guards (D)
  3 rakshasas (D)
  7 hydras (D)
  Erolcha (D)
  2 ice dragons (D)
  5 merfolk aquamancers (D)
  An alligator snapping turtle (D)
  3 centaur warriors (D)
  3 naga warriors (D)
  A two-headed ogre (D)
  2 ironbound frosthearts (D)
  3 orc high priests (D)
  2 boulder beetles (D)
  A vampire mage (D)
  A death yak (D)
  2 alligators (D)
  A naga sharpshooter (D)
  2 tengu warriors (D)
  A hell knight (D)
  Sonja (D)
  Urug (D)
  2 shock serpents (D)
  2 sea snakes (D)
  A pharaoh ant (D)
  A spriggan druid (D)
  A steelbarb worm (D)
  A goliath frog (D)
  6 swamp dragons (D)
  2 wizards (D)
  3 ironbound convokers (D)
  A harpy (shapeshifter) (D)
  2 phantasmal warriors (D)
  3 orc knights (D)
  7 orc sorcerers (D)
  A lindwurm (D)
  A mana viper (D)
  A necromancer (D)
  A will-o-the-wisp (D)
  A shining eye (shapeshifter) (D)
  A manticore (D)
  A cyclops (shapeshifter) (D)
  2 cyclopes (D)
  4 wolf spiders (D)
  A merfolk siren (D)
  6 moths of wrath (D)
  A guardian serpent (D)
  2 vault sentinels (D)
  A water nymph (D)
  3 black mambas (D)
  A cane toad (D)
  3 naga magi (D)
  A komodo dragon (D)
  3 demonic crawlers (D)
  A torpor snail (D)
  A freezing wraith (D)
  A kobold demonologist (D)
  2 rime drakes (D)
  Psyche (D)
  2 tengu conjurers (D)
  A troll (D)
  A troll (shapeshifter) (D)
  3 polar bears (D)
  A meliai (D)
  A merfolk (D)
  A tarantella (D)
  A raiju (shapeshifter) (D)
  A slime creature (D)
  2 tyrant leeches (D)
  A blink frog (D)
  2 jumping spiders (D)
  A shadow (D)
  A basilisk (D)
  4 yaks (D)
  A redback (D)
  An acid dragon (D)
  4 nagas (D)
  3 water moccasins (D)
  5 black bears (D)
  11 orc warriors (D)
  2 ogres (D)
  A wolf (D)
  2 bullfrogs (D)
  A howler monkey (D)
  A jelly (D)
  3 orc priests (D)
  A hound (D)
  12 orc wizards (D)
  A gnoll (D)
  An orc (D)
  A giant cockroach (D)
  A goblin (D)
  3 kobolds (D)
  A giant cockroach simulacrum (D)
  A quokka simulacrum (D)
402 creatures vanquished.

Vanquished Creatures (collateral kills)
  An ettin (shapeshifter) (D)
1 creature vanquished.

Vanquished Creatures (others)
  3 foxfires (D)
3 creatures vanquished.

Grand Total: 406 creatures vanquished

Notes
Turn   | Place    | Note
-------+----------+-------------------------------------------
     0 | D        | mhtbhm the Armataur Berserker began the quest for the Orb.
     0 | D        | Reached XP level 1. HP: 19/19 MP: 1/1
    11 | D        | Reached ** piety under Trog
    52 | D        | Noticed an ogre
    52 | D        | Noticed a jelly
    52 | D        | Noticed an ogre
    52 | D        | Noticed a hound
    58 | D        | Killed a hound
    59 | D        | Reached XP level 2. HP: 29/29 MP: 2/2
    59 | D        | Reached XP level 3. HP: 36/36 MP: 3/3
    61 | D        | Killed an ogre
    61 | D        | Reached *** piety under Trog
    62 | D        | Reached skill level 5 in Maces & Flails
    62 | D        | Reached XP level 4. HP: 42/47 MP: 4/4
    65 | D        | Reached XP level 5. HP: 28/54 MP: 5/5
    86 | D        | Killed an ogre
    87 | D        | Reached skill level 5 in Armour
   103 | D        | Found a snail-covered altar of Cheibriados.
   103 | D        | Found a shadowy altar of Dithmenos.
   103 | D        | Found a white marble altar of Elyvilon.
   103 | D        | Found a blossoming altar of Fedhas.
   103 | D        | Found an opulent altar of Gozag.
   104 | D        | Found a hazy altar of Hepliaklqana.
   105 | D        | Found a viscous altar of Jiyva.
   106 | D        | Found an ancient bone altar of Kikubaaqudgha.
   107 | D        | Found a corrupted altar of Lugonu.
   108 | D        | Found a burning altar of Makhleb.
   109 | D        | Found a sparkling altar of Nemelex Xobeh.
   110 | D        | Found an iron altar of Okawaru.
   111 | D        | Found a stormy altar of Qazlal.
   112 | D        | Found a sacrificial altar of Ru.
   113 | D        | Found a shimmering blue altar of Sif Muna.
   114 | D        | Found a bloodstained altar of Trog.
   115 | D        | Found a hide-covered altar of Uskayaw.
   116 | D        | Found a radiant altar of Vehumet.
   117 | D        | Found an ornate altar of the Wu Jian Council.
   118 | D        | Found a shimmering altar of Xom.
   121 | D        | Found a basalt altar of Yredelemnul.
   122 | D        | Found a glowing silver altar of Zin.
   123 | D        | Found a glowing golden altar of the Shining One.
   259 | D        | Noticed a yak
   259 | D        | Noticed a yak
   259 | D        | Noticed a kobold demonologist
   259 | D        | Noticed a shadow
   264 | D        | Killed a shadow
   264 | D        | Reached **** piety under Trog
   265 | D        | Reached XP level 6. HP: 60/66 MP: 6/6
   272 | D        | Killed a kobold demonologist
   273 | D        | Reached XP level 7. HP: 67/75 MP: 7/7
   276 | D        | Killed a yak
   277 | D        | Reached skill level 10 in Fighting
   277 | D        | Reached skill level 10 in Maces & Flails
   283 | D        | Killed a yak
   283 | D        | Reached ***** piety under Trog
   287 | D        | Reached XP level 8. HP: 80/85 MP: 8/8
   308 | D        | Noticed a tengu warrior
   308 | D        | Noticed a cyclops
   308 | D        | Noticed a cyclops
   308 | D        | Noticed a two-headed ogre
   308 | D        | Noticed a raiju
   308 | D        | Noticed a troll
   311 | D        | Killed a troll
   314 | D        | Killed a two-headed ogre
   315 | D        | Reached skill level 5 in Dodging
   318 | D        | Killed a cyclops
   319 | D        | Reached XP level 9. HP: 96/96 MP: 9/9
   323 | D        | Killed a cyclops
   328 | D        | Killed a tengu warrior
   331 | D        | Received a gift from Trog
   360 | D        | Noticed Sonja
   365 | D        | Killed Sonja
   598 | D        | Noticed a cane toad
   598 | D        | Noticed a black mamba
   598 | D        | Noticed a boulder beetle
   598 | D        | Noticed a rime drake
   603 | D        | Reached XP level 10. HP: 108/108 MP: 10/10
   611 | D        | Noticed a torpor snail
   615 | D        | Killed a black mamba
   617 | D        | Killed a cane toad
   617 | D        | Reached ****** piety under Trog
   618 | D        | Reached skill level 15 in Maces & Flails
   618 | D        | Reached skill level 1 in Evocations
   685 | D        | Killed a torpor snail
   695 | D        | Killed a boulder beetle
   695 | D        | Received a gift from Trog
   741 | D        | Noticed a death yak
   747 | D        | Reached skill level 10 in Armour
   751 | D        | Received a gift from Trog
   759 | D        | Killed a death yak
   766 | D        | Reached skill level 15 in Fighting
   783 | D        | Reached XP level 11. HP: 88/119 MP: 11/11
  1044 | D        | Received a gift from Trog
  1118 | D        | Noticed Urug
  1127 | D        | Killed Urug
  1127 | D        | Received a gift from Trog
  1134 | D        | Noticed Erolcha
  1141 | D        | Killed Erolcha
  1254 | D        | Noticed Psyche
  1266 | D        | Killed Psyche
  1370 | D        | Noticed an orc high priest
  1378 | D        | Reached skill level 1 in Unarmed Combat
  1380 | D        | Received a gift from Trog
  1381 | D        | Reached skill level 1 in Stealth
  1384 | D        | Killed an orc high priest
  1396 | D        | Received a gift from Trog
  1542 | D        | Noticed an orc knight
  1542 | D        | Noticed an orc knight
  1552 | D        | Killed an orc knight
  1558 | D        | Killed an orc knight
  1564 | D        | Noticed an orc high priest
  1564 | D        | Noticed an orc high priest
  1570 | D        | Received a gift from Trog
  1576 | D        | Killed an orc high priest
  1580 | D        | Killed an orc high priest
  1659 | D        | Found Wimunn's Book Boutique.
  1659 | D        | Noticed an orc sorcerer
  1661 | D        | Received a gift from Trog
  1662 | D        | Found Rauta's Jewellery Shop.
  1662 | D        | Noticed an orc sorcerer
  1663 | D        | Killed an orc sorcerer
  1665 | D        | Found Adegh's Assorted Antiques.
  1665 | D        | Noticed an orc sorcerer
  1669 | D        | Noticed an orc sorcerer
  1671 | D        | Killed an orc sorcerer
  1671 | D        | Noticed an orc sorcerer
  1672 | D        | Found Xinakex's Book Shop.
  1674 | D        | Killed an orc sorcerer
  1675 | D        | Reached XP level 12. HP: 132/132 MP: 12/12
  1680 | D        | Received a gift from Trog
  1692 | D        | Identified the +13 dire flail of Past Mistakes {flame, rN+}
                  | (Trog gifted it to you in the Dungeon)
  1692 | D        | Received a gift from Trog
  1730 | D        | Bought a +4 ring of slaying for 936 gold pieces
  1793 | D        | Bought a scroll labelled NOOLAMMA ZINNIGH for 26 gold
                  | pieces
  1793 | D        | Bought a scroll of blinking for 195 gold pieces
  1793 | D        | Bought a clear potion for 23 gold pieces
  1793 | D        | Bought a potion of curing for 78 gold pieces
  1793 | D        | Bought a murky purple potion for 23 gold pieces
  1793 | D        | Bought a scroll of identify for 52 gold pieces
  1795 | D        | Bought an amulet of faith for 480 gold pieces
  1805 | D        | Acquired a manual of Dodging
  2112 | D        | Noticed a tengu warrior
  2112 | D        | Noticed a centaur warrior
  2112 | D        | Noticed a centaur warrior
  2115 | D        | Killed a centaur warrior
  2116 | D        | Reached skill level 15 in Armour
  2119 | D        | Killed a centaur warrior
  2120 | D        | Received a gift from Trog
  2120 | D        | Noticed an ice dragon
  2122 | D        | Noticed a stone giant
  2123 | D        | Killed a tengu warrior
  2125 | D        | Noticed a rakshasa
  2129 | D        | Noticed a tengu reaver
  2131 | D        | Killed an ice dragon
  2131 | D        | Received a gift from Trog
  2132 | D        | Noticed a stone giant
  2134 | D        | Killed a stone giant
  2139 | D        | Noticed a fire dragon
  2140 | D        | Killed a rakshasa
  2142 | D        | Killed a tengu reaver
  2146 | D        | Killed a stone giant
  2147 | D        | Received a gift from Trog
  2151 | D        | Killed a fire dragon
  2467 | D        | Noticed an alligator snapping turtle
  2467 | D        | Noticed a merfolk impaler
  2467 | D        | Noticed a merfolk aquamancer
  2473 | D        | Killed a merfolk impaler
  2475 | D        | Killed a merfolk aquamancer
  2476 | D        | Reached skill level 5 in Unarmed Combat
  2482 | D        | Killed an alligator snapping turtle
  2484 | D        | Received a gift from Trog
  2485 | D        | Reached XP level 13. HP: 130/145 MP: 13/13
  2634 | D        | Noticed a bunyip
  2637 | D        | Received a gift from Trog
  2646 | D        | Noticed an eleionoma
  2652 | D        | Killed a bunyip
  2652 | D        | Received a gift from Trog
  2658 | D        | Killed an eleionoma
  2892 | D        | Received a gift from Trog
  2907 | D        | Received a gift from Trog
  2991 | D        | Received a gift from Trog
  3006 | D        | Received a gift from Trog
  3187 | D        | Noticed Aizul
  3188 | D        | Noticed Donald
  3197 | D        | Killed Aizul
  3209 | D        | Killed Donald
  3209 | D        | Received a gift from Trog
  3210 | D        | Reached skill level 5 in Stealth
  3512 | D        | Noticed a purple very ugly thing
  3512 | D        | Noticed a fire dragon
  3512 | D        | Noticed a spriggan defender
  3512 | D        | Noticed an ettin
  3516 | D        | Killed an ettin
  3519 | D        | Killed a spriggan defender
  3520 | D        | Noticed a stone giant
  3521 | D        | Noticed a stone giant
  3523 | D        | Killed a fire dragon
  3526 | D        | Noticed a frost giant
  3528 | D        | Killed a purple very ugly thing
  3531 | D        | Received a gift from Trog
  3532 | D        | Reached XP level 14. HP: 148/161 MP: 14/14
  3537 | D        | Reached skill level 10 in Dodging
  3539 | D        | Killed a stone giant
  3539 | D        | Noticed a stone giant
  3542 | D        | Killed a stone giant
  3545 | D        | Killed a frost giant
  3545 | D        | Received a gift from Trog
  3553 | D        | Killed a stone giant
  3553 | D        | Received a gift from Trog
  3554 | D        | Noticed a stone giant
  3558 | D        | Noticed a vampire knight
  3558 | D        | Noticed a green very ugly thing
  3564 | D        | Killed a stone giant
  3570 | D        | Killed a vampire knight
  3574 | D        | Killed a green very ugly thing
  3574 | D        | Received a gift from Trog
  3886 | D        | Noticed a vault warden
  3897 | D        | Killed a vault warden
  3897 | D        | Received a gift from Trog
  3901 | D        | Noticed an ironbound preserver
  3903 | D        | Noticed an ironbound preserver
  3904 | D        | Received a gift from Trog
  3906 | D        | Noticed an ironbound preserver
  3912 | D        | Received a gift from Trog
  3916 | D        | Killed an ironbound preserver
  3919 | D        | Killed an ironbound preserver
  3921 | D        | Killed an ironbound preserver
  3922 | D        | Noticed a brown very ugly thing
  3923 | D        | Received a gift from Trog
  3924 | D        | Noticed a vault warden
  3935 | D        | Received a gift from Trog
  3942 | D        | Killed a brown very ugly thing
  3950 | D        | Killed a vault warden
  4326 | D        | Noticed Jory
  4342 | D        | Killed Jory
  4342 | D        | Received a gift from Trog
  4801 | D        | Got the +0 hat "Qeluep" {*Corrode rPois Str+7}
  4935 | D        | Noticed Frederick
  4943 | D        | Killed Frederick
  5026 | D        | Noticed Xtahua
  5036 | D        | Killed Xtahua
  5037 | D        | Reached XP level 15. HP: 179/179 MP: 15/15
  5146 | D        | Received a gift from Trog
  5161 | D        | Received a gift from Trog
  5437 | D        | Got a decaying rune of Zot
  5444 | D        | Noticed a nagaraja
  5444 | D        | Noticed a nagaraja
  5446 | D        | Noticed a nagaraja
  5450 | D        | Noticed a nagaraja
  5451 | D        | Killed a nagaraja
  5451 | D        | Received a gift from Trog
  5452 | D        | Noticed a nagaraja
  5453 | D        | Killed a nagaraja
  5457 | D        | Received a gift from Trog
  5459 | D        | Killed a nagaraja
  5463 | D        | Killed a nagaraja
  5463 | D        | Identified the +5 great mace of Honour {vorpal, Str+4}
                  | (Trog gifted it to you in the Dungeon)
  5463 | D        | Received a gift from Trog
  5466 | D        | Killed a nagaraja
  5480 | D        | Identified the +13 spear of Annoyance {vorpal, +Blink}
                  | (Trog gifted it to you in the Dungeon)
  5480 | D        | Received a gift from Trog
  5487 | D        | Got a serpentine rune of Zot
  5611 | D        | Noticed an emperor scorpion
  5611 | D        | Noticed an emperor scorpion
  5626 | D        | Killed an emperor scorpion
  5931 | D        | Killed an emperor scorpion
  5931 | D        | Received a gift from Trog
  5979 | D        | Noticed an emperor scorpion
  5983 | D        | Noticed an emperor scorpion
  5986 | D        | Killed an emperor scorpion
  5991 | D        | Reached skill level 27 in Fighting
  5998 | D        | Killed an emperor scorpion
  5998 | D        | Received a gift from Trog
  6004 | D        | Got a gossamer rune of Zot
  6012 | D        | Noticed Ilsuiw
  6019 | D        | Received a gift from Trog
  6027 | D        | Killed Ilsuiw
  6030 | D        | Received a gift from Trog
  6045 | D        | Reached skill level 27 in Maces & Flails
  6055 | D        | Received a gift from Trog
  6063 | D        | Got a barnacled rune of Zot
  6377 | D        | Noticed Mennas
  6394 | D        | Killed Mennas
  6476 | D        | Noticed Mara
  6489 | D        | Killed Mara
  6490 | D        | Reached XP level 16. HP: 195/195 MP: 16/16
  6650 | D        | Identified the +4 great mace of Bodily Harmony {vorpal,
                  | *Rage rF+ rC+ rCorr} (Trog gifted it to you in the Dungeon)
  6650 | D        | Received a gift from Trog
  6651 | D        | Reached skill level 15 in Dodging
  6667 | D        | Received a gift from Trog
  6685 | D        | Received a gift from Trog
  6715 | D        | Received a gift from Trog
  6729 | D        | Received a gift from Trog
  6735 | D        | Noticed an ancient lich
  6750 | D        | Killed an ancient lich
  6759 | D        | Received a gift from Trog
  6769 | D        | Received a gift from Trog
  6771 | D        | Noticed a shadow dragon
  6956 | D        | Killed a shadow dragon
  6971 | D        | Received a gift from Trog
  6971 | D        | Noticed a shadow dragon
  6979 | D        | Killed a shadow dragon
  6997 | D        | Identified the +11 great mace of Trog's Vengeance {flame,
                  | *Rage rElec rF+ rC+} (Trog gifted it to you in the Dungeon)
  6997 | D        | Received a gift from Trog
  7272 | D        | Noticed a shadow dragon
  7272 | D        | Noticed an ancient lich
  7272 | D        | Noticed a quicksilver dragon
  7272 | D        | Noticed a shadow dragon
  7273 | D        | Noticed a tentacled monstrosity
  7279 | D        | Noticed a shadow dragon
  7280 | D        | Killed a shadow dragon
  7281 | D        | Reached skill level 27 in Armour
  7281 | D        | Reached skill level 5 in Evocations
  7281 | D        | Killed a quicksilver dragon
  7282 | D        | Noticed a quicksilver dragon
  7286 | D        | Killed an ancient lich
  7289 | D        | Killed a tentacled monstrosity
  7291 | D        | Received a gift from Trog
  7292 | D        | Identified the ring "Lirghuda" {*Slow rElec rN+ Str+5
                  | Int+2}
  7298 | D        | Killed a shadow dragon
  7301 | D        | Killed a shadow dragon
  7302 | D        | Reached skill level 10 in Stealth
  7307 | D        | Killed a quicksilver dragon
  7309 | D        | Got a silver rune of Zot
  7310 | D        | Identified the +5 ring mail of Fygewuc {Will+ Regen+ Str-2}
  7400 | D        | Noticed Louise
  7410 | D        | Killed Louise
  7410 | D        | Received a gift from Trog
  7486 | D        | Got the amulet of Xewe {RegenMP Rampage Fragile Regen+}
  7488 | D        | Got the ring "Readeh" {rElec rPois rCorr}
  7490 | D        | Got the amulet "Puwooshro" {RegenMP +Inv rF+ Dex+2}
  7492 | D        | Got the ring "Ypsab" {Drain rF+ rN+ Will+ Int+3}
  7494 | D        | Got the amulet of Arrival {Spirit Rampage rC- Dex+4}
  7618 | D        | Noticed Boris
  7619 | D        | Noticed Sojobo
  7620 | D        | Noticed a tengu reaver
  7621 | D        | Noticed a tengu reaver
  7625 | D        | Killed Boris
  7633 | D        | Killed Sojobo
  7634 | D        | Reached XP level 17. HP: 204/204 MP: 17/17
  7635 | D        | Received a gift from Trog
  7754 | D        | Received a gift from Trog
  7762 | D        | Received a gift from Trog
  7925 | D        | Received a gift from Trog
  7950 | D        | Received a gift from Trog
  8018 | D        | Noticed a tentacled monstrosity
  8022 | D        | Received a gift from Trog
  8023 | D        | Noticed a quicksilver dragon
  8027 | D        | Killed a tentacled monstrosity
  8033 | D        | Killed a quicksilver dragon
  8038 | D        | Received a gift from Trog
  8038 | D        | Found the +7 great mace "Undeadhunter" {disrupt, rN+}
  8133 | D        | Noticed an electric golem
  8146 | D        | Received a gift from Trog
  8151 | D        | Killed an electric golem
  8160 | D        | Received a gift from Trog
  8246 | D        | Noticed a golden dragon
  8256 | D        | Killed a golden dragon
  8257 | D        | Received a gift from Trog
  8274 | D        | Received a gift from Trog
  8430 | D        | Noticed a tentacled monstrosity
  8430 | D        | Noticed a golden dragon
  8430 | D        | Noticed a golden dragon
  8430 | D        | Noticed a golden dragon
  8437 | D        | Killed a golden dragon
  8441 | D        | Killed a golden dragon
  8441 | D        | Received a gift from Trog
  8442 | D        | Reached skill level 27 in Dodging
  8445 | D        | Killed a golden dragon
  8448 | D        | Killed a tentacled monstrosity
  8459 | D        | Received a gift from Trog
  8679 | D        | Noticed an Orb Guardian
  8679 | D        | Noticed an Orb Guardian
  8679 | D        | Noticed an Orb Guardian
  8679 | D        | Noticed an Orb Guardian
  8679 | D        | Noticed an Orb Guardian
  8679 | D        | Noticed an Orb Guardian
  8680 | D        | Noticed an Orb Guardian
  8680 | D        | Killed an Orb Guardian
  8681 | D        | Noticed an Orb Guardian
  8681 | D        | Killed an Orb Guardian
  8682 | D        | Noticed an Orb Guardian
  8682 | D        | Killed an Orb Guardian
  8683 | D        | Reached XP level 18. HP: 214/214 MP: 18/18
  8687 | D        | Killed an Orb Guardian
  8687 | D        | Received a gift from Trog
  8689 | D        | Noticed an Orb Guardian
  8690 | D        | Killed an Orb Guardian
  8693 | D        | Killed an Orb Guardian
  8697 | D        | Killed an Orb Guardian
  8701 | D        | Killed an Orb Guardian
  8704 | D        | Killed an Orb Guardian
  8704 | D        | Received a gift from Trog
  8707 | D        | Killed an Orb Guardian
  8874 | D        | Noticed a golden dragon
  8874 | D        | Noticed an Orb Guardian
  8874 | D        | Noticed an Orb Guardian
  8874 | D        | Noticed a golden dragon
  8875 | D        | Noticed an Orb Guardian
  8875 | D        | Killed a golden dragon
  8876 | D        | Noticed an Orb Guardian
  8878 | D        | Reached skill level 5 in Shields
  8882 | D        | Killed an Orb Guardian
  8884 | D        | Killed an Orb Guardian
  8887 | D        | Received a gift from Trog
  8888 | D        | Killed a golden dragon
  8890 | D        | Killed an Orb Guardian
  8893 | D        | Killed an Orb Guardian
  8894 | D        | Reached skill level 10 in Shields
  8947 | D        | Noticed an ancient lich
  8951 | D        | Killed an ancient lich
  9114 | D        | Noticed an orb of fire
  9120 | D        | Killed an orb of fire
  9138 | D        | Noticed an electric golem
  9139 | D        | Killed an electric golem
  9141 | D        | Noticed an ancient lich
  9141 | D        | Noticed an orb of fire
  9141 | D        | Noticed an orb of fire
  9148 | D        | Noticed an orb of fire
  9149 | D        | Killed an orb of fire
  9154 | D        | Reached skill level 27 in Stealth
  9154 | D        | Reached skill level 15 in Shields
  9154 | D        | Noticed an Orb Guardian
  9154 | D        | Gained mutation: You are clumsy. (Dex -2) [an orb of fire]
  9158 | D        | Noticed an Orb Guardian
  9160 | D        | Gained mutation: You have a pair of small horns on your
                  | head. [an orb of fire]
  9165 | D        | Killed an orb of fire
  9167 | D        | Killed an ancient lich
  9167 | D        | Received a gift from Trog
  9168 | D        | Reached skill level 10 in Evocations
  9172 | D        | Gained mutation: You are dopey. (Int -2) [an orb of fire]
  9176 | D        | Gained mutation: You are very clumsy. (Dex -4) [an orb of
                  | fire]
  9177 | D        | Killed an orb of fire
  9178 | D        | Noticed an ancient lich
  9179 | D        | Noticed a golden dragon
  9180 | D        | Killed an Orb Guardian
  9181 | D        | Noticed an Orb Guardian
  9183 | D        | Killed an Orb Guardian
  9183 | D        | Received a gift from Trog
  9188 | D        | Killed an ancient lich
  9190 | D        | Killed a golden dragon
  9193 | D        | Killed an Orb Guardian
  9193 | D        | Received a gift from Trog
  9372 | D        | Noticed an Orb Guardian
  9372 | D        | Noticed an Orb Guardian
  9372 | D        | Noticed an Orb Guardian
  9372 | D        | Noticed an Orb Guardian
  9372 | D        | Noticed an Orb Guardian
  9372 | D        | Noticed an Orb Guardian
  9376 | D        | Killed an Orb Guardian
  9381 | D        | Killed an Orb Guardian
  9382 | D        | Noticed an Orb Guardian
  9383 | D        | Killed an Orb Guardian
  9383 | D        | Received a gift from Trog
  9383 | D        | Noticed an Orb Guardian
  9386 | D        | Killed an Orb Guardian
  9390 | D        | Killed an Orb Guardian
  9393 | D        | Killed an Orb Guardian
  9394 | D        | Noticed an Orb Guardian
  9396 | D        | Killed an Orb Guardian
  9396 | D        | Received a gift from Trog
  9397 | D        | Reached XP level 19. HP: 177/221 MP: 19/19
  9407 | D        | Reached skill level 27 in Shields
  9416 | D        | Received a gift from Trog
  9866 | D        | Reached skill level 15 in Evocations
  9869 | D        | Received a gift from Trog
  9874 | D        | HP: 2/221 [something (28)]
  9875 | D        | Mangled by a vampire knight

Illustrated notes

Levels and vault maps discovered:
D:        linesprint [early_d, line_temple, items_1, d_10, items_2, lair_1,
          lair_end, items_3, orc_1, orc_end, items_4, d_15, swamp_1, shoals_1,
          snake_1, spider_1, d_20, vaults_1, items_5, swamp_end, shoals_end,
          snake_end, spider_end, vaults_end, d_27, items_6, zot_1, zot_end,
          crypt_end, forest_end, elf_end, slime_end, tomb_end, abyss_end,
          pan_hell_end]

Skill      XL: |  1  2  3  4  5  6  7  8  9 10 11 12 13 14 15 16 17 18 19 |
---------------+----------------------------------------------------------+-----
Fighting       | 4 6 8 9 10 12 13 15 16 18 21 24 27 | 27.0
Maces & Flails | 4 5 6 8 9 10 12 14 16 18 20 22 25 27 | 27.0
Armour         | 3 4 5 6 7 8 10 14 16 17 18 21 27 | 27.0
Dodging        | 2 3 4 5 6 7 8 9 11 14 21 27 | 27.0
Evocations     | 1 2 3 5 8 10 16 | 16.2
Unarmed Combat | 3 5 |  5.2
Stealth        | 2 3 5 6 7 10 19 27 | 27.0
Shields        | 26 27 | 27.0

Action                   |  1- 3 |  4- 6 |  7- 9 | 10-12 | 13-15 | 16-18 | 19-21 || total
-------------------------+-------+-------+-------+-------+-------+-------+-------++-------
Melee: Mace              |    18 |    12 |       |       |       |       |       ||    30
       Tailslap          |     4 |     3 |     3 |    30 |    56 |    82 |     6 ||   184
       Dire flail        |       |    13 |    36 |   239 |   433 |   125 |       ||   846
       Punch             |       |     1 |       |       |       |       |     1 ||     2
       Unarmed           |       |       |       |     9 |       |       |       ||     9
       Great mace        |       |       |       |       |       |   363 |    20 ||   383
       Headbutt          |       |       |       |       |       |    13 |    10 ||    23
       Sacred scourge    |       |       |       |       |       |       |    26 ||    26
Invok: Berserk           |     2 |       |     2 |     8 |    13 |     5 |       ||    30
       Brothers in Arms  |       |       |       |       |       |     1 |       ||     1
Evoke: Wand              |       |       |     3 |       |     1 |       |       ||     4
  Use: Potion            |       |     2 |       |       |     1 |       |       ||     3
       Scroll            |       |       |       |     5 |     1 |     8 |     1 ||    15
 Stab: Distracted        |       |       |       |       |     1 |       |       ||     1
       Sleeping          |       |       |       |       |       |     7 |       ||     7
Armor: Animal skin       |     4 |       |       |       |       |       |       ||     4
       Chain mail        |       |     6 |    15 |    30 |       |       |       ||    51
       Swamp dragon scal |       |       |       |    13 |    36 |       |       ||    49
       Fire dragon scale |       |       |       |       |   113 |   101 |    15 ||   229
Dodge: Dodged            |     3 |     4 |     5 |    21 |   100 |    82 |     9 ||   224

Table legend: (Time is in decaauts)
 A = Elapsed time spent in this place.
 B = Non-inter-level travel time spent in this place.
 C = Inter-level travel time spent in this place.
 D = Time resting spent in this place.
 E = Time spent auto-exploring this place.
 F = Levels seen in this place.
 G = Mean time per level.
                   A        B        C        D        E       F      G
               +--------+--------+--------+--------+--------+-----+--------+
         Total |   9589 |   9589 |      0 |   5607 |   1025 |   1 | 9589.0 |
       Dungeon |   9589 |   9589 |      0 |   5607 |   1025 |   1 | 9589.0 |
               +--------+--------+--------+--------+--------+-----+--------+

Top non-repeatable levels by time:
       D: 9589 daAuts
